 Dungeon Crawl Stone Soup version 0.18.1-5-g4a78601 (webtiles) character file.

41 magipi the Chucker (level 3, -3/36 HPs)
             Began as an Ogre Hunter on May 14, 2016.
             Slain by Ijyb
             ... wielding a +2 dagger of venom
              (4 damage)
             ... on level 2 of the Dungeon.
             The game lasted 00:06:00 (1459 turns).

magipi the Chucker (Ogre Hunter)                    Turns: 1459, Time: 00:06:01

Health: -3/36      AC:  4    Str: 17    XL:     3   Next: 52%
Magic:  3/3        EV: 10    Int: 10    God:
Gold:   95         SH:  0    Dex: 11    Spells: 0 memorised, 2 levels left

rFire  . . .     SeeInvis .     a - +0 club
rCold  . . .     Gourm    .     b - +0 robe
rNeg   . . .     Faith    .     (no shield)
rPois  .         Spirit   .     (helmet restricted)
rElec  .         Dismiss  .     o - +0 cloak
rCorr  +         Reflect  .     (gloves unavailable)
SustAt .         Harm     .     (boots unavailable)
MR     .....                    (no amulet)
Stlth  +.........               (no ring)
                                i - ring of resist corrosion

@: lethally poisoned (-3 -> -26), flying, very slightly contaminated, hasted,
very quick, not resistant to hostile enchantments, very unstealthy
A: unfitting armour, tough skin 1
a: no special abilities


You were on level 2 of the Dungeon.
You were not hungry.

You visited 1 branch of the dungeon, and saw 2 of its levels.

You collected 95 gold pieces.

Notes
Turn   | Place    | Note
--------------------------------------------------------------
     0 | D:1      | magipi the Ogre Hunter began the quest for the Orb.
     0 | D:1      | Reached XP level 1. HP: 22/22 MP: 1/1
   131 | D:1      | Reached XP level 2. HP: 18/29 MP: 2/2
   736 | D:2      | Found a faded altar to an unknown god.
   750 | D:2      | Reached skill level 1 in Maces & Flails
   750 | D:2      | Reached XP level 3. HP: 13/36 MP: 3/3
  1396 | D:2      | Reached skill level 5 in Throwing
  1435 | D:2      | Noticed Ijyb
  1458 | D:2      | HP: 1/36 [something (4)]
  1459 | D:2      | Slain by Ijyb

Inventory:

Hand Weapons
 a - a +0 club (weapon)
Missiles
 c - 9 large rocks (quivered)
 d - 2 throwing nets
Armour
 b - a +0 robe (worn)
 o - a +0 cloak (worn)
Jewellery
 i - a ring of resist corrosion (left hand)
Wands
 j - a wand of confusion (20/48)
Scrolls
 l - 2 scrolls of magic mapping {unknown}
 m - a scroll of amnesia {unknown}
 q - a scroll of recharging
Potions
 e - a potion of might
 h - a potion of resistance
 p - a potion of haste
Comestibles
 f - 2 bread rations
 n - a meat ration


   Skills:
 - Level 2.6 Fighting
 + Level 1.5 Maces & Flails
 - Level 5.0 Throwing
 - Level 1.7 Dodging
 - Level 0.7 Stealth


You had 2 spell levels left.
You didn't know any spells.

Dungeon Overview and Level Annotations

Branches:
Dungeon (2/15)

Altars:

Annotations:
D:2 Ijyb


Innate Abilities, Weirdness & Mutations

You are too large for most types of armour.
You have tough skin (AC +1).

Vault maps used:
D:1:      dpeg_arrival_tiny_j
D:2:      ecumenical_altar_2, first_bread, uniq_iyjb


Message History

You open the door.
There is an open door here.
Found a cloak.
You see here a cloak.
o - a cloak Wear which item? (? for menu, Esc to quit)
You start putting on your armour.
You continue putting on your cloak. x4
You finish putting on your +0 cloak.
Found 23 arrows.
Found an escape hatch in the floor.
As you open the door, it creaks loudly!
Found a pair of runed boots.
Unknown command.
There is an open door here.
You open the door.
There is an open door here.
You are feeling hungry.
p - 2 cyan potions A goblin comes into view.
The goblin shouts!
You hit the goblin but do no damage. The goblin closely misses you.
You hit the goblin.
The goblin is moderately wounded.
The goblin hits you.
You barely miss the goblin.
The goblin is moderately wounded.
The goblin hits you.
You hit the goblin.
The goblin is heavily wounded.
The goblin closely misses you. The goblin hits you.
You barely miss the goblin.
The goblin is heavily wounded.
The goblin hits you but does no damage.
You hit the goblin.
You kill the goblin!
Your Throwing skill increases to level 5!
You see here a goblin corpse.
You butcher the goblin corpse.
q - a chunk of flesh You see here a goblin skeleton.
Eat a chunk of flesh? (ye/n/q/i?) This raw flesh tastes terrible.
You continue eating. x2
You now have 84 gold pieces (gained 11).
You now have 95 gold pieces (gained 11).
q - a scroll of recharging Unknown command.
Ijyb the Twisted Goblin comes into view.
He is wielding a dagger of venom.
Ijyb shouts!
Found 8 gold pieces.
Ijyb hits you with a dagger of venom.
You are poisoned.
You closely miss Ijyb.
You feel sick.
Ijyb drinks a potion.
Ijyb flickers and vanishes!
Deactivating autopickup; reactivate with Ctrl-A.
You miss something. Something hits you.
You are more poisoned.
Something hits you.
You are more poisoned.
Unknown command.
You feel sick.
You feel sick.
You feel sick.
You feel sick.
You feel sick.
You feel sick.
You feel sick.
You feel sick.
You feel sick.
You feel sick.
You feel sick.
You feel sick.
You feel sick.
You open the door. Something hits you but does no damage.
You are lethally poisoned!
You feel sick.
There is an open door here.
* * * LOW HITPOINT WARNING * * *
You feel sick.
* * * LOW HITPOINT WARNING * * *
You feel sick.
Drink which item? (? for menu, Esc to quit)
It was a potion of cancellation.
You feel magically purged.
* * * LOW HITPOINT WARNING * * *
You feel sick.
* * * LOW HITPOINT WARNING * * *
You feel sick.
Drink which item? (? for menu, Esc to quit)
It was a potion of haste.
You feel yourself speed up.
* * * LOW HITPOINT WARNING * * *
You feel sick. Something hits you.
* * * LOW HITPOINT WARNING * * *
You are more poisoned.
You are very lightly contaminated with residual magic.
Drink which item? (? for menu, Esc to quit)
It was a potion of flight.
You feel very buoyant.
You fly up into the air.
* * * LOW HITPOINT WARNING * * *
You feel sick. Something hits you.
You die...

#.#.#.#.###.##.## #.# #.....#
....#.#.....##.# #.#######.#
#.###.#####.##.# #.........#
#.# #.......##'## #########.#
#.# #########.[.## #.# #.####
##.....## #####.# #.##.##
##.......## ##.#...#
#.#...####.........####....###
.........'......@..'.......#
#.#...####.........####....#
#.##.## ##.......## ##.#.#
#.#### ##.....## ###.# #..
##...## #.# ### ##+## #.# #.#
#.# ...#####.#


There were no monsters in sight!

Vanquished Creatures
  An adder (D:2)
  An ooze (D:2)
  A giant gecko (D:1)
  2 ball pythons (D:1)
  A bat (D:2)
  4 goblins
  6 hobgoblins (D:1)
  A giant newt (D:1)
  3 kobolds (D:1)
  6 rats
26 creatures vanquished.

Action                   || total
-------------------------++-------
Melee: Short sword       ||    32
       Club              ||    63
       Unarmed           ||     9
Throw: Large rock        ||     2
  Use: Scroll            ||     5
       Potion            ||     3
 Stab: Sleeping          ||     2
  Eat: Chunk             ||     2
Armor: Robe              ||    22
Dodge: Dodged            ||    42

Action                   || total
-------------------------++-------
Melee: Short sword       ||    32
       Club              ||    63
       Unarmed           ||     9
Throw: Large rock        ||     2
  Use: Scroll            ||     5
       Potion            ||     3
 Stab: Sleeping          ||     2
  Eat: Chunk             ||     2
Armor: Robe              ||    22
Dodge: Dodged            ||    42
